 Dungeon Crawl Stone Soup version 0.25-a0-667-gb977e01cb5 (webtiles) character file.

Game seed: 16306410644068120832, levelgen mode: deterministic

677 Error4North the Chopper (level 7, 0/60 HPs)
             Began as a Hill Orc Fighter on Mar 27, 2020.
             Was an Initiate of Okawaru.
             Killed from afar by an orc wizard (10 damage)
             ... with a magic dart
             ... on level 6 of the Dungeon.
             The game lasted 00:11:56 (4595 turns).

Error4North the Chopper (Hill Orc Fighter)          Turns: 4595, Time: 00:11:57

Health: 0/60       AC: 12    Str: 21    XL:     7   Next: 60%
Magic:  7/7        EV:  6    Int:  8    God:    Okawaru [......]
Gold:   322        SH: 10    Dex: 10    Spells: 6/6 levels left

rFire    . . .     SeeInvis .   a - +0 war axe
rCold    . . .     Gourm    .   c - +0 kite shield
rNeg     . . .     Faith    .   v - +0 chain mail
rPois    .         Spirit   .   g - +1 helmet
rElec    .         Reflect  .   o - scarf {repulsion}
rCorr    .         Harm     .   (no gloves)
MR       .....                  (no boots)
Stlth    ..........             (no amulet)
HPRegen  0.20/turn              (no ring)
MPRegen  0.10/turn              (no ring)

@: slowed, repel missiles, very slow
A: no striking features
a: Renounce Religion


You were on level 6 of the Dungeon.
You worshipped Okawaru.
Okawaru was noncommittal.
You were not hungry.

You visited 2 branches of the dungeon, and saw 7 of its levels.

You collected 322 gold pieces.

Inventory:

Hand Weapons
 a - a +0 war axe (weapon)
Missiles
 i - 6 boomerangs (quivered)
Armour
 c - a +0 kite shield (worn)
 g - a +1 helmet (worn)
 o - a scarf of repulsion (worn)
 v - a +0 chain mail (worn)
Jewellery
 y - an uncursed amulet of magic regeneration {unknown}
Wands
 C - a wand of polymorph (5)
Scrolls
 b - a scroll of magic mapping {unknown}
 h - 5 scrolls of identify
 j - 2 scrolls of teleportation {unknown}
 k - 3 scrolls of remove curse {unknown}
 l - 2 scrolls of random uselessness {unknown}
 r - a scroll of fear {unknown}
 s - 2 scrolls of blinking {unknown}
 u - a scroll of enchant weapon {unknown}
 x - a scroll of amnesia {unknown}
 B - 2 scrolls of enchant armour {unknown}
Potions
 d - a potion of might
 e - a potion of cancellation {unknown}
 m - 3 potions of stabbing {unknown}
 n - 2 potions of berserk rage {unknown}
 p - 3 potions of curing
 q - a potion of heal wounds {unknown}
 t - a potion of magic {unknown}
 w - 2 potions of lignification {unknown}
 A - a potion of brilliance {unknown}
Comestibles
 f - 8 rations
 z - 2 chunks of flesh


   Skills:
 * Level 4.7 Fighting
 + Level 6.1 Axes
 + Level 1.0 Throwing
 * Level 5.8 Armour
 + Level 0.5 Dodging
 + Level 0.7 Stealth
 * Level 5.4 Shields


You had 6 spell levels left.
You didn't know any spells.
Your spell library was empty.

Dungeon Overview and Level Annotations

Branches:
Dungeon (6/15)             Temple (1/1) D:5

Altars:
Cheibriados
Dithmenos
Elyvilon
Gozag
Kikubaaqudgha
Makhleb
Nemelex Xobeh
Okawaru
Sif Muna
Trog
Vehumet
Wu Jian
Xom
Yredelemnul


Message History

The orc wizard gestures at you while chanting.
The magic dart hits you.
* * * LOW HITPOINT WARNING * * *
The orc wizard hits you but does no damage.
Your shield and chain mail prevent you from hitting the orc wizard.
The orc wizard is almost dead.
The orc wizard casts a spell at you. The magic dart hits you.
* * * LOW HITPOINT WARNING * * *
The orc wizard hits you but does no damage.
You closely miss the orc wizard.
The orc wizard is almost dead.
The orc wizard gestures at you while chanting.
You feel yourself slow down. You block the orc wizard's attack.
You hit the orc wizard but do no damage.
The orc wizard is almost dead.
The orc wizard hits you but does no damage.
The orc wizard gestures at you while chanting.
The magic dart hits you!
You die...

.# #.....# ..###
###.#.# # #...
#.#.#.## #...
#).....# #..
#......#
#.######..._..#
#..............#
#....).#.......#
#..@)..'...#.#.#
#..o.).#####...#
#..)...# ###
#.'##### #...
#.##. #.. .. .)
..


You could see an orc wizard.

Vanquished Creatures
  A phantom (D:4)
  A centaur (D:5)
  A crimson imp (D:4)
  2 orc priests
  A centaur skeleton (D:5)
  3 orc wizards
  An iguana (D:5)
  4 worker ants
  3 gnolls (D:6)
  6 adders
  4 oozes
  2 worms
  5 dart slugs
  A leopard gecko (D:5)
  12 orcs
  3 ball pythons
  3 bats
  3 giant cockroaches
  8 goblins
  3 hobgoblins
  2 jackals (D:5)
  2 kobolds
  A quokka (D:3)
  5 frilled lizards
  6 rats
83 creatures vanquished.

Notes
Turn   | Place    | Note
-------+----------+-------------------------------------------
     0 | D:1      | Error4North the Hill Orc Fighter began the quest for the
                  | Orb.
     0 | D:1      | Reached XP level 1. HP: 19/19 MP: 1/1
    45 | D:1      | Reached XP level 2. HP: 10/27 MP: 2/2
   293 | D:1      | Reached skill level 3 in Axes
   302 | D:1      | Reached XP level 3. HP: 29/33 MP: 3/3
  1363 | D:2      | Reached XP level 4. HP: 27/40 MP: 4/4
  1458 | D:3      | Reached skill level 4 in Axes
  1470 | D:3      | Reached skill level 1 in Throwing
  1470 | D:3      | Reached XP level 5. HP: 19/46 MP: 5/5
  2360 | D:4      | Reached XP level 6. HP: 39/52 MP: 6/6
  2965 | D:4      | Found a shadowy altar of Dithmenos.
  2965 | D:4      | Noticed a phantom
  2996 | D:4      | Killed a phantom
  2996 | D:4      | Reached skill level 5 in Axes
  2996 | D:4      | Reached skill level 5 in Armour
  3175 | D:4      | Found a burning altar of Makhleb.
  3175 | D:4      | Found a shimmering altar of Xom.
  3601 | D:5      | Entered Level 5 of the Dungeon
  3658 | D:5      | Reached XP level 7. HP: 50/60 MP: 7/7
  3722 | D:5      | Found a staircase to the Ecumenical Temple.
  3727 | Temple   | Entered the Ecumenical Temple
  3740 | Temple   | Became a worshipper of Warmaster Okawaru
  3834 | D:5      | Reached skill level 6 in Axes
  3834 | D:5      | Reached skill level 5 in Shields
  3959 | D:5      | Found an ancient bone altar of Kikubaaqudgha.
  4560 | D:6      | Found a sparkling altar of Nemelex Xobeh.
  4595 | D:6      | Killed from afar by an orc wizard

Levels and vault maps discovered:
D:1:      nzn_arrival_crosshair, layout_loops_ring, st_stairs_9,
          hangedman_decor_riveting, minmay_pentomino_o4
D:2:      layout_basic
D:3:      layout_rooms, serial_aquarium, aquarium_bridge_square
          [aquarium_subvault_window, aquarium_subvault_window,
          aquarium_subvault_wall, aquarium_subvault_bridge],
          aquarium_bridge_straight [aquarium_subvault_bridge,
          aquarium_subvault_wall, aquarium_subvault_bridge,
          aquarium_subvault_window], aquarium_window_corridor_3,
          aquarium_window_fake, aquarium_window_fake, aquarium_view_2c,
          aquarium_balcony_3b
D:4:      layout_layer_cave, grunt_temple_overflow_champion_of_chaos,
          grunt_dithmenos_shadows, first_ration
D:5:      minmay_razor_zed, layout_loops_ring, nicolae_overflow_hidden_temple,
          overflow_temple_1_default, temple_doors_cd
D:6:      layout_basic, old_standard_altar, eat_drink_and_be_merry_uskayaw,
          minitemple, basic_altar, nicolae_ru_awakened_eye
Temple:   zaba_magenta_temple

Skill      XL: |  1  2  3  4  5  6  7 |
---------------+----------------------+-----
Fighting       | 4 |  4.7
Axes           | 3 4 5 6 |  6.1
Armour         | 4 5 |  5.8
Throwing       | 1 |  1.0
Shields        | 4 5 |  5.4
Dodging        | |  0.5
Stealth        | |  0.7

Action                   |  1- 3 |  4- 6 |  7- 9 || total
-------------------------+-------+-------+-------++-------
Melee: War axe           |    78 |   165 |    87 ||   330
Throw: Boomerang         |    11 |       |       ||    11
  Use: Potion            |       |     2 |       ||     2
       Scroll            |       |       |     1 ||     1
  Eat: Chunk             |     1 |     5 |     3 ||     9
       Ration            |       |     1 |       ||     1
Armor: Scale mail        |    27 |    38 |       ||    65
       Chain mail        |       |    43 |    62 ||   105
Dodge: Dodged            |    21 |    32 |    29 ||    82
       Deflected         |       |     2 |     1 ||     3
Block: Kite shield       |    33 |   114 |    52 ||   199

Table legend:
 A = Non-vault XP
 B = Vault XP
 C = Vault XP percentage of total XP
 D = Non-vault monster count
 E = Vault monster count
 F = Vault count percentage of total count
                 A         B        C        D         E       F
            +---------+---------+-------+---------+---------+-------
      Total |     680 |     288 |  29.8 |      71 |      12 |  14.5
            +---------+---------+-------+---------+---------+-------
        D:1 |      52 |       7 |  11.9 |      21 |       4 |  16.0
        D:2 |      46 |       0 |   0.0 |       6 |       0 |   0.0
        D:3 |     146 |       0 |   0.0 |      18 |       0 |   0.0
        D:4 |     160 |     169 |  51.4 |       7 |       2 |  22.2
        D:5 |     224 |     112 |  33.3 |      13 |       6 |  31.6
        D:6 |      52 |       0 |   0.0 |       6 |       0 |   0.0
            +---------+---------+-------+---------+---------+-------
